 Dungeon Crawl Stone Soup version 0.28.0-1-gb440e238dd (webtiles) character file.

Game seed: 1319510783959214323

3068 graymark the Covert (level 9, -8/51 HPs)
             Began as an Octopode Conjurer on Feb 21, 2022.
             Was a Believer of Ignis.
             Mangled by a wyvern (14 damage)
             ... on level 9 of the Dungeon.
             The game lasted 01:09:47 (16306 turns).

graymark the Covert (Octopode Conjurer)            Turns: 16306, Time: 01:09:48

Health: -8/51      AC:  8    Str:  7    XL:     9   Next: 88%
Magic:  17/17      EV: 14    Int: 24    God:    Ignis [**....]
Gold:   411        SH:  0    Dex: 10    Spells: 2/19 levels left

rFire   + . .      SeeInvis .   u - +0 short sword (elec)
rCold   + . .      Faith    .   (no shield)
rNeg    . . .      Spirit   .   (helmet restricted)
rPois   .          Reflect  .   (no amulet)
rElec   .          Harm     .   y - ring of protection from cold
rCorr   .          Rampage  .   (no ring)
Will    .....                   (no ring)
Stlth   +++++.....              (no ring)
HPRegen 0.17/turn               (no ring)
MPRegen 0.15/turn               (no ring)
                                (no ring)
                                (no ring)

@: fiery-armoured
A: almost no armour, amphibious, 8 rings, camouflage 1, gelatinous body 1,
(nimble swimmer 1), tentacles
a: Renounce Religion, Fiery Armour, Foxfire Swarm, Rising Flame


You were on level 9 of the Dungeon.
You worshipped Ignis.
Ignis was pleased with you.
You visited 1 branch of the dungeon, and saw 9 of its levels.

You collected 411 gold pieces.

Inventory:

Hand Weapons
 a - a +0 dagger
 b - a +2 dagger of venom
 d - a +0 hunting sling
 u - a +0 short sword of electrocution (weapon)
Missiles
 f - 172 stones
 g - 63 sling bullets
Jewellery
 y - a ring of protection from cold (left tentacle)
Wands
 c - a wand of paralysis (8)
 v - a wand of mindburst (10)
 w - a wand of polymorph (3)
 x - a wand of flame (41)
Scrolls
 i - a scroll of teleportation
 j - a scroll of summoning {unknown}
 l - a scroll of magic mapping {unknown}
 m - a scroll of fog
 o - a scroll of fear {unknown}
 p - a scroll of vulnerability {unknown}
 q - 2 scrolls of immolation
 t - a scroll of blinking {unknown}
 A - a scroll of enchant weapon {unknown}
Potions
 e - 2 potions of cancellation {unknown}
 h - 3 potions of curing
 k - 3 potions of flight
 n - 3 potions of might
 r - 2 potions of magic {unknown}
 s - 2 potions of lignification {unknown}
 z - a potion of ambrosia {unknown}


   Skills:
 - Level 0.1 Fighting
 - Level 0.4 Short Blades
 - Level 5.9 Dodging
 + Level 8.9 Stealth
 + Level 5.8 Spellcasting
 + Level 7.5 Conjurations
 + Level 5.0 Hexes
 - Level 2.0 Fire Magic
 + Level 1.4 Poison Magic


You had 2 spell levels left.
You knew the following spells:

 Your Spells              Type           Power      Damage    Failure   Level
a - Magic Dart            Conj           100%       1d8       1%          1
b - Foxfire               Conj/Fire      100%       2x1d9     1%          1
c - Searing Ray           Conj           86%        2d7       1%          2
d - Fulminant Prism       Conj/Hex       18%        3d11      6%          4
e - Conjure Flame         Conj/Fire      30%        6-21      3%          3
f - Dazzling Flash        Conj/Hex       74%        N/A       1%          3
g - Mephitic Cloud        Conj/Pois/Air  21%        N/A       7%          3

Your spell library contained the following spells:

 Spells                   Type           Power      Damage    Failure   Level
 Inner Flame              Hex/Fire       24%        N/A       5%          3
 Flame Wave               Conj/Fire      30%        2d8       11%         4
 Ignite Poison            Fire/Tmut/Pois 12%        N/A       16%         3
 Iskenderun's Mystic Bla  Conj/Tloc      25%        2d7       17%         4
 Freezing Cloud           Conj/Ice/Air   9%         6-21      63%         5


Dungeon Overview and Level Annotations

Branches:
Dungeon (9/15)             Temple (0/1) D:4
   Lair: D:8-11         Orc: D:9-12

Altars:
Hepliaklqana
Okawaru
Ru
Sif Muna
Uskayaw
Wu Jian
Xom
Yredelemnul
The Shining One
Ignis

Shops:
D:7 *


Innate Abilities, Weirdness & Mutations

You cannot wear most types of armour.
You are amphibious.
You can wear up to eight rings at the same time.
Your skin changes colour to match your surroundings (Stealth+).
Your rubbery body absorbs attacks. (AC +1, EV +1)
((You are camouflaged when in or above water. (Stealth+)))
You have tentacles for arms and can constrict up to eight enemies at once.


Message History

An orc warrior and 2 orcs come into view.
Unknown command.
As you read the scroll of teleportation, it crumbles to dust.
You feel strangely unstable.
The orc shouts!
The orc warrior shouts!
The orc warrior hits you with a +0 trident!
The orc warrior hits you with a +0 trident!
* * * LOW HITPOINT WARNING * * *
The orc warrior is burned by your cloak of flames.
The orc warrior is lightly wounded.
The orc hits you but does no damage.
The orc is burned by your cloak of flames.
The orc is heavily wounded.
Your surroundings suddenly seem different.
A wyvern, an orc priest and an orc come into view.
Found a short sword.
The wyvern hisses angrily.
Okay, then.
Okay, then.
Okay, then.
As you read the scroll of fog, it crumbles to dust.
The scroll dissolves into smoke.
The wyvern bites you but does no damage.
The wyvern is burned by your cloak of flames.
The wyvern is lightly wounded.
The wyvern bites you!
* * * LOW HITPOINT WARNING * * *
The wyvern is burned by your cloak of flames.
The wyvern is moderately wounded.
The orc shouts!
You hear a shout!
The wyvern misses you.
The orc throws a stone.
The stone hits you but does no damage.
The wyvern bites you but does no damage.
The wyvern is burned by your cloak of flames.
The wyvern is moderately wounded.
The orc throws a stone.
The stone hits you but does no damage. The wyvern closely misses you.
The wyvern barely misses you. The wyvern bites you!
You die...

########################
#..........##.)........#
#.##.#.))))...########.#
#.##.#))##.#### #.#
#.##....##.# #.#
#.......##.# ####.###
#.<...l.##.# #......#
##...###..@l###### #.<#.#.#
#....# #.###.....# #..#.#.#
#..#.###.# #.....# #..#.#.#
#........###...§.###......#
#.##....###..o..§§###.....#
#.##)##.# #..§§§§§# ###.###
#.......# #.##§§o§# #.#
####l#### #. #§§§§# #.. #.#
#. #§§§§# ##.#


You could see 2 wyverns.

Vanquished Creatures
  Prince Ribbit (D:8)
  Edmund (D:5)
  2 orc warriors
  A hornet zombie (D:8)
  2 ogres (D:4)
  A necrophage (D:5)
  A phantom (D:4)
  Blork the orc (D:5)
  3 kobold brigands
  A bullfrog (D:7)
  A scorpion (D:6)
  10 wights
  A howler monkey (D:9)
  2 centaur zombies
  6 orc priests
  3 hounds
  4 gnoll shamans
  2 bullfrog skeletons
  4 iguanas
  8 orc wizards
  2 killer bee zombies (D:8)
  A hound zombie (D:5)
  3 hound skeletons
  17 gnolls
  A howler monkey skeleton (D:7)
  9 adders
  2 shadow imps
  2 ufetubi (D:5)
  2 worms
  3 dart slugs
  7 orcs
  7 endoplasms
  7 giant cockroaches
  9 goblins
  6 hobgoblins
  4 jackals (D:4)
  6 quokkas
  5 ball pythons
  6 bats
  4 frilled lizards
  25 kobolds
  5 rats
188 creatures vanquished.

Vanquished Creatures (others)
  A bush (D:9)
  33 foxfires
  11 fulminant prisms
  5 fungi (D:9)
  19 plants
69 creatures vanquished.

Grand Total: 257 creatures vanquished

Notes
Turn   | Place    | Note
-------+----------+-------------------------------------------
     0 | D:1      | graymark the Octopode Conjurer began the quest for the Orb.
     0 | D:1      | Reached XP level 1. HP: 11/11 MP: 3/3
   301 | D:1      | Reached XP level 2. HP: 17/17 MP: 1/5
   572 | D:1      | Found a faded altar of an unknown god.
   610 | D:1      | Prayed at the altar of an unknown god.
   610 | D:1      | Became a worshipper of Ignis, the Dying Flame
   868 | D:1      | Learned a level 1 spell: Foxfire
   871 | D:1      | Learned a level 2 spell: Searing Ray
  1011 | D:1      | Reached XP level 3. HP: 21/21 MP: 6/6
  1370 | D:2      | Reached skill level 3 in Stealth
  1882 | D:3      | Found a glowing golden altar of the Shining One.
  2219 | D:3      | Reached XP level 4. HP: 26/27 MP: 4/7
  2633 | D:2      | HP: 1/27 [hobgoblin (3)]
  3373 | D:2      | Reached skill level 4 in Stealth
  3618 | D:2      | Reached XP level 5. HP: 27/31 MP: 9/9
  3940 | D:3      | Found an ornate altar of the Wu Jian Council.
  4364 | D:4      | Reached skill level 5 in Conjurations
  4368 | D:4      | Reached skill level 1 in Fire Magic
  4480 | D:4      | Found a hazy altar of Hepliaklqana.
  4613 | D:4      | Reached XP level 6. HP: 32/36 MP: 4/10
  4852 | D:4      | Found a hide-covered altar of Uskayaw.
  4918 | D:4      | Reached skill level 5 in Stealth
  5135 | D:4      | Found a staircase to the Ecumenical Temple.
  5726 | D:4      | Found a sacrificial altar of Ru.
  5735 | D:4      | Learned a level 4 spell: Fulminant Prism
  5966 | D:4      | Reached XP level 7. HP: 30/41 MP: 3/12
  6437 | D:5      | Entered Level 5 of the Dungeon
  6475 | D:5      | Noticed Edmund
  6595 | D:5      | Reached skill level 1 in Hexes
  6668 | D:5      | Learned a level 3 spell: Conjure Flame
  6880 | D:5      | Reached skill level 6 in Stealth
  8463 | D:5      | Killed Edmund
  8464 | D:5      | Reached XP level 8. HP: 46/46 MP: 0/14
  8568 | D:5      | Noticed Blork the orc
  8609 | D:5      | Killed Blork the orc
  9214 | D:6      | Learned a level 3 spell: Dazzling Flash
  9685 | D:6      | Reached skill level 7 in Stealth
 10820 | D:6      | HP: 1/46 [ogre (33)]
 11487 | D:6      | Found an iron altar of Okawaru.
 11990 | D:7      | Found Mohus's General Store.
 12017 | D:7      | Reached skill level 5 in Dodging
 12017 | D:7      | Reached XP level 9. HP: 51/51 MP: 16/16
 12033 | D:7      | Reached skill level 5 in Spellcasting
 12426 | D:7      | Reached skill level 8 in Stealth
 13478 | D:8      | Identified the +1 robe of New Discoveries {rF+ Int+3}
 13608 | D:8      | Noticed Prince Ribbit
 13622 | D:8      | Killed Prince Ribbit
 14577 | D:8      | Found a basalt altar of Yredelemnul.
 15187 | D:8      | Found an iron altar of Okawaru.
 15282 | D:8      | Found a shimmering altar of Xom.
 15282 | D:8      | Found a radiant altar of Vehumet.
 15284 | D:8      | Found a blossoming altar of Fedhas.
 15284 | D:8      | Found a hide-covered altar of Uskayaw.
 15284 | D:8      | Found a radiant altar of Vehumet.
 15336 | D:8      | Found a shimmering blue altar of Sif Muna.
 15737 | D:8      | Learned a level 3 spell: Mephitic Cloud
 15961 | D:9      | Reached skill level 1 in Poison Magic
 15968 | D:9      | Reached skill level 5 in Hexes
 16306 | D:9      | Mangled by a wyvern

Illustrated notes

Levels and vault maps discovered:
D:1:      psy_arrival_radial01, layout_rooms, chequers_ecumenical_altar_island,
          chequers_serial_rivers_micro_c
D:2:      layout_rooms
D:3:      layout_rooms, nzn_wu_jian_contemplation, general_overflow_altar,
          guppyfry_early_lair_pool
D:4:      layout_layer_cave, nicolae_overflow_crystal_walls,
          nicolae_uskayaw_murder_on_the_dancefloor,
          mainiacjoe_overflow_six_doors_small, minmay_temple_entry_butterflies
D:5:      layout_basic, uniq_blork_the_orc, uniq_edmund
D:6:      layout_basic, okawaru_metal_pillars_3
D:7:      layout_basic, serial_shops, shop, st_stairs_5, minmay_misc_feat_iff
D:8:      layout_loops_ring, kennysheep_orc_sif_temple, doesnt_xom_only_xom,
          lemuel_zombie_altar_yredelemnul, uniq_prince_ribbit1
D:9:      layout_loops_cross, minmay_lair_entry_grove

Skill      XL: |  1  2  3  4  5  6  7  8  9 |
---------------+----------------------------+-----
Stealth        | 3 4 5 6 7 8 |  8.9
Spellcasting   | 3 4 5 |  5.8
Conjurations   | 5 6 7 |  7.5
Fire Magic     | 1 2 |  2.0
Dodging        | 3 4 5 |  5.9
Hexes          | 2 3 5 |  5.0
Poison Magic   | 1 |  1.4
Fighting       | |  0.1
Short Blades   | |  0.4

Action                   |  1- 3 |  4- 6 |  7- 9 || total
-------------------------+-------+-------+-------++-------
Melee: Dagger            |    22 |    48 |    10 ||    80
       Tentacles         |     3 |    10 |    15 ||    28
       Constrict         |     2 |    13 |    14 ||    29
       Punch             |       |       |     2 ||     2
       Short sword       |       |       |    58 ||    58
 Fire: Hunting sling     |       |       |    21 ||    21
 Cast: Magic Dart        |    69 |   119 |   253 ||   441
       Foxfire           |       |    11 |     4 ||    15
       Searing Ray       |       |     3 |    95 ||    98
       Conjure Flame     |       |       |    12 ||    12
       Fulminant Prism   |       |       |    11 ||    11
       Dazzling Flash    |       |       |     5 ||     5
       Mephitic Cloud    |       |       |     1 ||     1
Invok: Fiery Armour      |       |     5 |     2 ||     7
       Foxfire Swarm     |       |     1 |       ||     1
  Use: Scroll            |       |     1 |     8 ||     9
 Stab: Sleeping          |     7 |     4 |     3 ||    14
       Invisible         |       |       |     2 ||     2
Armor: Skin              |     3 |     8 |    10 ||    21
Dodge: Dodged            |    21 |    47 |   109 ||   177
